 Dungeon Crawl Stone Soup version 0.26-a0-639-g72c4674329 (webtiles) character file.

Game seed: 14924806334429503903

7289 Ijustatesigmund the Slinger (level 11, -4/78 HPs)
             Began as a Halfling Hunter on Sept 17, 2020.
             Shot with an arrow by a centaur warrior (14 damage)
             ... on level 10 of the Dungeon.
             The game lasted 00:25:26 (13914 turns).

Ijustatesigmund the Slinger (Halfling Hunter)      Turns: 13914, Time: 00:25:26

Health: -4/78      AC:  8    Str: 13    XL:     11   Next: 34%
Magic:  11/11      EV: 18    Int: 10    God:
Gold:   465        SH:  0    Dex: 14    Spells: 10/10 levels left

rFire    . . .     SeeInvis .   b - +2 rapier (elec)
rCold    + . .     Faith    .   (shield restricted)
rNeg     + . .     Spirit   .   c - +3 leather armour
rPois    +         Reflect  .   (no helmet)
rElec    .         Harm     .   (no cloak)
rCorr    .         Rampage  .   (no gloves)
MR       +....                  i - +1 pair of boots
Stlth    +++.......             (no amulet)
HPRegen  0.23/turn              g - ring of protection from magic
MPRegen  0.12/turn              q - ring "Dapiet" {rPois rC+ rN+ Dex-4}

@: no status effects
A: small, mutation resistance 1
a: no special abilities


You were on level 10 of the Dungeon.
You visited 1 branch of the dungeon, and saw 10 of its levels.
You also visited: Ossuary.

You collected 465 gold pieces.

Inventory:

Hand Weapons
 a - a +1 hunting sling
 b - a +2 rapier of electrocution (weapon)
 d - a +1 short sword of holy wrath
Missiles
 e - 236 stones (quivered)
 v - 2 throwing nets
Armour
 c - a +3 leather armour (worn)
 i - a +1 pair of boots (worn)
Jewellery
 g - a ring of protection from magic (left hand)
 h - an uncursed ring of positive energy
 q - the ring "Dapiet" (right hand) {rPois rC+ rN+ Dex-4}
   (You found it on level 4 of the Dungeon)

   [ring of protection from cold]

   It affects your dexterity (-4).
   It protects you from cold.
   It protects you from poison.
   It protects you from negative energy.
Wands
 s - a wand of polymorph (8)
Scrolls
 f - 2 scrolls of magic mapping
 j - a scroll of amnesia
 k - a scroll of identify
 m - 6 scrolls of remove curse
Potions
 l - 4 potions of cancellation
 t - a potion of brilliance
Miscellaneous
 w - a phantom mirror


   Skills:
 + Level 8.6 Fighting
 - Level 6.6 Short Blades
 + Level 13.6 Slings
 - Level 3.4 Armour
 + Level 7.2 Dodging
 - Level 6.8 Stealth


You had 10 spell levels left.
You didn't know any spells.
Your spell library contained the following spells:

 Spells                   Type           Power        Failure   Level
 Sting                    Tmut/Pois      #...         43%         1
 Poisonous Vapours        Pois/Air       #.....       56%         2
 Confusing Touch          Hex            #.......     80%         3
 Gell's Gravitas          Tloc           #.........   80%         3
 Ignite Poison            Fire/Tmut/Pois #.......     80%         3
 Mephitic Cloud           Conj/Pois/Air  #.......     80%         3
 Olgreb's Toxic Radiance  Pois           #.......     99%         4
 Petrify                  Tmut/Erth      #.......     99%         4
 Metabolic Englaciation   Hex/Ice        #.........   100%        5
 Yara's Violent Unravell  Hex/Tmut       #.........   100%        5


Dungeon Overview and Level Annotations

Branches:
Dungeon (10/15)            Temple (0/1) D:5         Ossuary (visited)
   Lair: D:8-11         Orc: D:9-12

Altars:
Ashenzari
Cheibriados
Fedhas
Gozag
Hepliaklqana
Kikubaaqudgha
Nemelex Xobeh
Okawaru
Ru
Trog
Wu Jian
Xom
The Shining One

Shops:
D:9 *


Innate Abilities, Weirdness & Mutations

You are small and have problems with some larger weapons.
You are somewhat resistant to further mutation.


Message History

an arrow; a sling bullet The centaur warrior shoots an arrow.
The arrow completely misses you.
The centaur warrior shoots an arrow.
The arrow misses you.
You see here a sling bullet.
The centaur warrior shoots an arrow.
The arrow completely misses you.
You see here an arrow.
The centaur warrior shoots an arrow.
The arrow barely misses you.
The centaur warrior shoots an arrow.
The arrow hits you!
You see here an arrow.
The centaur warrior shoots an arrow.
The arrow hits you!!
* * * LOW HITPOINT WARNING * * *
You see here an arrow.
The centaur warrior shoots an arrow.
The arrow hits you!
* * * LOW HITPOINT WARNING * * *
You see here an arrow.
The centaur warrior shoots an arrow.
The arrow hits you.
* * * LOW HITPOINT WARNING * * *
You see here an arrow.
The centaur warrior shoots an arrow.
The arrow hits you!
You die...

.... ...# #..#
#..# # #..# #(.#
#..#######..###..#
..............(..#
..............<..#
####........###..#
#........# #.(#
#........# #@.#
#........# #..#
#........# #(.#
#........# #(.#
#........# #Y.#
....###(.#
......(Y.#
........c#
#######(.#


You could see a centaur warrior and 2 yaks.

Vanquished Creatures
  Harold (D:9)
  Pikel (D:5)
  Joseph (D:8)
  Psyche (D:7)
  A troll (D:10)
  2 hornets
  A yak (D:10)
  Sigmund (D:5)
  A wyvern (D:9)
  Edmund (D:6)
  4 orc warriors
  5 sky beasts
  3 ice beasts
  2 black bears
  4 ogres
  A necrophage (D:7)
  A phantom (D:4)
  A lemure (D:5)
  4 centaurs
  A crocodile (D:10)
  2 bullfrogs
  A wyvern zombie (D:6)
  A scorpion (D:10)
  3 killer bees
  3 howler monkeys
  3 centaur zombies (Ossuary)
  A bullfrog zombie (D:6)
  A quasit (D:9)
  A bullfrog skeleton (D:10)
  A jelly (D:6)
  9 orc priests
  5 hounds
  3 iguanas
  6 orc wizards
  9 worker ants
  Terence (D:2)
  A killer bee zombie (D:8)
  2 big kobold zombies (Ossuary)
  A hound skeleton (D:5)
  6 mummies
  A worker ant zombie (D:5)
  A howler monkey zombie (D:7)
  6 gnolls (D:3)
  10 adders
  3 shadow imps
  A white imp (D:6)
  2 ufetubi
  2 oozes
  An adder skeleton (D:9)
  2 adder zombies
  3 worms
  3 dart slugs
  4 leopard geckos
  37 orcs
  5 giant cockroaches
  7 goblins
  8 hobgoblins
  4 jackals (D:4)
  8 quokkas
  5 bats
  4 frilled lizards
  4 hobgoblin zombies (Ossuary)
  9 kobolds
  A leopard gecko zombie (D:7)
  2 quokka skeletons (D:3)
  A quokka zombie (D:7)
  11 rats
242 creatures vanquished.

Vanquished Creatures (others)
  A plant (D:10)
  5 withered plants (D:3)
6 creatures vanquished.

Grand Total: 248 creatures vanquished

Notes
Turn   | Place    | Note
-------+----------+-------------------------------------------
     0 | D:1      | Ijustatesigmund the Halfling Hunter began the quest for the
                  | Orb.
     0 | D:1      | Reached XP level 1. HP: 14/14 MP: 1/1
   160 | D:1      | Reached skill level 6 in Slings
   233 | D:1      | Reached XP level 2. HP: 19/19 MP: 2/2
   243 | D:1      | Reached skill level 1 in Armour
   611 | D:1      | Reached XP level 3. HP: 24/24 MP: 3/3
  1077 | D:2      | Reached XP level 4. HP: 30/30 MP: 4/4
  1379 | D:2      | You fall into a shaft and drop 1 floor!
  1388 | D:3      | Reached XP level 5. HP: 36/36 MP: 5/5
  1418 | D:3      | Reached skill level 7 in Slings
  1489 | D:2      | Noticed Terence
  1542 | D:2      | Killed Terence
  1844 | D:3      | Found a sparkling altar of Nemelex Xobeh.
  2116 | D:3      | Found an ornate altar of the Wu Jian Council.
  2183 | D:3      | Noticed a moth of wrath
  2186 | D:3      | Found a bloodstained altar of Trog.
  2203 | D:3      | Reached XP level 6. HP: 42/42 MP: 6/6
  2748 | D:3      | Found a blossoming altar of Fedhas.
  3066 | D:4      | Found an iron altar of Okawaru.
  3225 | D:4      | Noticed a phantom
  3242 | D:4      | Killed a phantom
  3242 | D:4      | Reached skill level 1 in Short Blades
  3413 | D:4      | Reached skill level 8 in Slings
  3413 | D:4      | Reached XP level 7. HP: 47/47 MP: 7/7
  3780 | D:4      | Found a shimmering altar of Xom.
  3801 | D:4      | Found a shattered altar of Ashenzari.
  3962 | D:4      | Got a flickering brass ring
  3963 | D:4      | Identified the ring "Dapiet" {rPois rC+ rN+ Dex-4} (You
                  | found it on level 4 of the Dungeon)
  4088 | D:5      | Entered Level 5 of the Dungeon
  4156 | D:5      | Noticed Pikel
  4183 | D:5      | Killed Pikel
  4183 | D:5      | Reached skill level 9 in Slings
  4183 | D:5      | Reached XP level 8. HP: 39/54 MP: 8/8
  4285 | D:5      | Found a sacrificial altar of Ru.
  4345 | D:5      | Found a snail-covered altar of Cheibriados.
  4354 | D:5      | Noticed Sigmund
  4371 | D:5      | Killed Sigmund
  4371 | D:5      | Reached skill level 5 in Fighting
  4429 | D:5      | Found an opulent altar of Gozag.
  4501 | D:5      | Found a staircase to the Ecumenical Temple.
  4670 | D:5      | Found a sand-covered staircase.
  4697 | Ossuary  | Entered an ossuary
  4707 | Ossuary  | Reached skill level 5 in Stealth
  5008 | Ossuary  | Reached XP level 9. HP: 57/61 MP: 9/9
  5041 | Ossuary  | Reached skill level 5 in Short Blades
  5574 | D:5      | Reached skill level 10 in Slings
  5879 | D:5      | Found a glowing golden altar of the Shining One.
  6368 | D:6      | Noticed Edmund
  6413 | D:6      | Killed Edmund
  7875 | D:7      | Reached skill level 11 in Slings
  7875 | D:7      | Reached XP level 10. HP: 64/69 MP: 10/10
  8564 | D:6      | HP: 1/69 [orc priest/nerve-wracking pain (3)]
 10037 | D:8      | Reached skill level 12 in Slings
 10535 | D:8      | Noticed Psyche
 10537 | D:8      | Noticed Joseph
 10570 | D:7      | HP: 3/71 [Psyche/+3 dagger of chaos (1)]
 10575 | D:7      | Killed Psyche
 10575 | D:7      | Reached skill level 5 in Dodging
 11036 | D:8      | Killed Joseph
 11472 | D:8      | Found a hazy altar of Hepliaklqana.
 11514 | D:8      | Found an ancient bone altar of Kikubaaqudgha.
 11655 | D:9      | Noticed Harold
 11681 | D:9      | Killed Harold
 11681 | D:9      | Reached XP level 11. HP: 15/77 MP: 11/11
 12224 | D:9      | Reached skill level 13 in Slings
 12651 | D:9      | Found Keech's Assorted Antiques.
 12961 | D:10     | Entered Level 10 of the Dungeon
 13895 | D:10     | Noticed a centaur warrior
 13914 | D:10     | Shot with an arrow by a centaur warrior

Illustrated notes

Levels and vault maps discovered:
D:1:      mushboom_english_gardens, layout_loops_corners
D:2:      layout_basic, uniq_terence
D:3:      layout_loops_ring, marbit_many_paths, lemuel_coloured_pillars_altar,
          lemuel_round_altar, tgw_trog, serial_undead, serial_undead_a,
          serial_undead_b, serial_undead_f, serial_undead_a
D:4:      layout_loops_corners, kennysheep_mini, lemuel_round_altar,
          okawaru_ov_weapons_minmay
D:5:      layout_cave_pods, old_standard_altar, lemuel_doored_altar,
          minmay_temple_entry_statues_fountains, gup_ossuary_entry_pyramid,
          hangedman_abyss_or_decor_slice, hangedman_feature_mirror,
          uniq_sigmund, uniq_pikel
D:6:      layout_gridville, uniq_edmund
D:7:      layout_gridville
D:8:      layout_rooms, lemuel_round_altar, lemuel_round_altar, uniq_psyche,
          uniq_joseph
D:9:      layout_irregular_city, serial_shops, shop_fountains,
          kennysheep_generic_room_11, uniq_harold
D:10:     layout_small_grid, minmay_lair_entry_grove,
          minmay_orc_entry_temple_small, enter_trove_0

Skill      XL: |  1  2  3  4  5  6  7  8  9 10 11 |
---------------+----------------------------------+-----
Fighting       | 2 3 4 5 6 8 |  8.6
Slings         | 6 7 8 9 11 12 13 | 13.6
Armour         | 1 2 3 |  3.4
Short Blades   | 1 3 4 6 |  6.6
Stealth        | 2 4 5 6 |  6.8
Dodging        | 6 7 |  7.2

Action                   |  1- 3 |  4- 6 |  7- 9 | 10-12 || total
-------------------------+-------+-------+-------+-------++-------
Melee: Unarmed           |       |     8 |       |       ||     8
       Rapier            |       |     3 |   107 |   141 ||   251
 Fire: Hunting sling     |    76 |   203 |   449 |   350 ||  1078
Evoke: Wand              |       |       |       |     3 ||     3
  Use: Scroll            |     3 |     5 |     6 |    12 ||    26
       Potion            |       |       |     8 |     5 ||    13
 Stab: Invisible         |       |       |     2 |     1 ||     3
       Sleeping          |       |       |       |     2 ||     2
Armor: Leather armour    |     4 |       |    39 |    45 ||    88
       Scale mail        |       |    19 |    39 |       ||    58
Dodge: Dodged            |    20 |    52 |   133 |   210 ||   415

Table legend: (Time is in decaauts)
 A = Elapsed time spent in this place.
 B = Non-inter-level travel time spent in this place.
 C = Inter-level travel time spent in this place.
 D = Time resting spent in this place.
 E = Time spent auto-exploring this place.
 F = Levels seen in this place.
 G = Mean time per level.
                   A        B        C        D        E       F      G
               +--------+--------+--------+--------+--------+-----+--------+
         Total |  13524 |  13208 |    316 |   4706 |   6582 |  11 | 1229.5 |
       Dungeon |  12892 |  12576 |    316 |   4306 |   6449 |  10 | 1289.2 |
       Ossuary |    631 |    631 |      0 |    400 |    133 |   1 |  631.0 |
               +--------+--------+--------+--------+--------+-----+--------+

Top non-repeatable levels by time:
     D:7: 2050 daAuts
     D:9: 2013 daAuts
     D:6: 1882 daAuts
     D:5: 1625 daAuts
     D:3: 1181 daAuts
     D:4: 1165 daAuts
     D:8: 1099 daAuts
     D:1: 889 daAuts
     D:2: 795 daAuts
 Ossuary: 631 daAuts
    D:10: 189 daAuts
